 Dungeon Crawl Stone Soup version 0.28-a0-479-g5baa6b73be (webtiles) character file.

Game seed: 398184486652810001

380 timneilson the Shield-Bearer (level 6, 0/38 HPs)
             Began as a Gargoyle Fighter on Sept 18, 2021.
             Slain by a lemure (4 damage)
             ... led by Pikel
             ... on level 3 of the Dungeon.
             The game lasted 00:05:49 (3558 turns).

timneilson the Shield-Bearer (Gargoyle Fighter)     Turns: 3558, Time: 00:05:49

Health: 0/38       AC: 16    Str: 21    XL:     6   Next: 75%
Magic:  6/6        EV:  6    Int:  9    God:
Gold:   94         SH:  9    Dex: 15    Spells: 5/5 levels left

rFire   . . .      SeeInvis .   a - +0 long sword
rCold   . . .      Faith    .   i - +0 kite shield
rNeg    + . .      Spirit   .   c - +0 chain mail
rPois   ∞          Reflect  .   (no helmet)
rElec   +          Harm     .   (no cloak)
rCorr   .          Rampage  .   f - +0 pair of gloves
Will    .....                   b - +0 pair of boots
Stlth   ..........              (no amulet)
HPRegen 0.12/turn               e - +6 ring of dexterity
MPRegen 0.10/turn               (no ring)

@: no status effects
A: sickness immunity, AC +4, negative energy resistance 1, electricity
resistance, torment resistance 1, petrification resistance
a: no special abilities


You were on level 3 of the Dungeon.
You visited 1 branch of the dungeon, and saw 4 of its levels.

You collected 94 gold pieces.

Inventory:

Hand Weapons
 a - a +0 long sword (weapon)
Armour
 b - a +0 pair of boots (worn)
 c - a +0 chain mail (worn)
 f - a +0 pair of gloves (worn)
 i - a +0 kite shield (worn)
Jewellery
 e - a +6 ring of dexterity (left hand)
 k - a ring of willpower
Scrolls
 d - a scroll of blinking {unknown}
 h - a scroll of holy word
Potions
 g - 2 potions of curing {unknown}
 j - a potion of haste {unknown}


   Skills:
 + Level 4.2 Fighting
 * Level 3.4 Long Blades
 * Level 4.9 Armour
 + Level 1.5 Dodging
 * Level 5.0 Shields


You had 5 spell levels left.
You didn't know any spells.
Your spell library contained the following spells:

 Spells                   Type           Power      Damage    Failure   Level
 Slow                     Hex            0%         N/A       100%        2
 Confusing Touch          Hex            0%         N/A       100%        3
 Vampiric Draining        Necr           0%         2d6       100%        3
 Borgnjor's Revivificati  Necr           0%         N/A       100%        8
 Necromutation            Tmut/Necr      0%         N/A       100%        8
 Death's Door             Necr           0%         N/A       100%        9


Dungeon Overview and Level Annotations

Branches:
Dungeon (4/15)
 Temple: D:4-7

Altars:
Dithmenos
Beogh

Shops:
D:2 ?

Annotations:
D:4 3 runed translucent doors, timneilson's ghost, amateur GrFi


Innate Abilities, Weirdness & Mutations

You are immune to sickness and miasma.
Your stone body is resilient. (AC +4)
You are immune to poison.
You resist negative energy. (rN+)
You are resistant to electric shocks. (rElec)
You are resistant to unholy torment.
You are immune to petrification.


Message History

The lemure is severely wounded.
The lemure hits you.
You closely miss the lemure.
The lemure is severely wounded.
The lemure barely misses you. You block the lemure's attack.
You barely miss the lemure.
The lemure is severely wounded.
The lemure hits you!
You closely miss the lemure.
The lemure is severely wounded.
You block the lemure's attack. The lemure hits you.
* * * LOW HITPOINT WARNING * * *
You hit the lemure.
The lemure is almost dead.
The lemure hits you.
* * * LOW HITPOINT WARNING * * *
You slash the lemure!
You kill the lemure!
That felt strangely unrewarding.
You block the lemure's attack.
The orc priest shouts!
You hear a shout!
The orc shouts!
You hear a shout! x2
You block the lemure's attack.
Timneilson's ghost turns its malevolent gaze towards you.
You hear a shout! x3
There is a stone staircase leading up here.
The lemure hits you.
* * * LOW HITPOINT WARNING * * *
You climb upwards.
There is a stone staircase leading down here.
You hit the lemure but do no damage. You block the lemure's attack.
You block the lemure's attack.
You hit the lemure.
The lemure is lightly wounded.
The lemure hits you.
* * * LOW HITPOINT WARNING * * *
The lemure hits you but does no damage.
You slash the lemure!
The lemure is heavily wounded.
The lemure hits you.
You die...

######
#######....##########
...........'[...@5.>#
.######)...########.## .#
#....# #....# ##########
.# #....# #.#..#
#........# .# #....#
#.#..###.#####.## .#
#....# #.#......).....# .#
#....######.#'##...#######
.# ###....#.........#.###
.# #......#.........+.#


You could see a lemure.

Vanquished Creatures
  Eustachio (D:4)
  A necrophage (D:4)
  2 lemures (D:4)
  An orc wizard (D:3)
  6 adders
  A worm (D:2)
  4 dart slugs
  4 orcs (D:3)
  A bat (D:3)
  A bat zombie (D:2)
  7 endoplasms
  4 giant cockroaches
  6 goblins
  7 hobgoblins
  5 jackals
  4 quokkas (D:1)
  3 ball pythons
  A ball python skeleton (D:2)
  A frilled lizard (D:1)
  5 kobolds
  A quokka skeleton (D:2)
  4 rats
70 creatures vanquished.

Notes
Turn   | Place    | Note
-------+----------+-------------------------------------------
     0 | D:1      | timneilson the Gargoyle Fighter began the quest for the
                  | Orb.
     0 | D:1      | Reached XP level 1. HP: 14/14 MP: 1/1
   307 | D:1      | Reached XP level 2. HP: 18/19 MP: 2/2
   691 | D:1      | Reached XP level 3. HP: 23/23 MP: 3/3
  1063 | D:1      | Found a faded altar of an unknown god.
  1177 | D:2      | Found Upre Cext's Magic Scroll Emporium.
  1217 | D:2      | HP: 1/23 [worm (9)]
  1727 | D:2      | Reached XP level 4. HP: 29/29 MP: 4/4
  2027 | D:2      | Reached skill level 4 in Shields
  2420 | D:3      | Found a shadowy altar of Dithmenos.
  2549 | D:3      | Reached skill level 1 in Dodging
  2551 | D:3      | Reached XP level 5. HP: 28/33 MP: 5/5
  3107 | D:4      | Noticed a lemure
  3154 | D:4      | Found a runed translucent gate.
  3154 | D:4      | Noticed timneilson's ghost (amateur GrFi)
  3155 | D:4      | Found a runed translucent gate.
  3156 | D:4      | Found a runed translucent gate.
  3156 | D:4      | Identified the +4 whip "Archueth" {holy, *Rage *Noise rCorr
                  | Stlth+}
  3156 | D:4      | Identified the +8 chain mail of Kulownipn {Harm rPois
                  | Dex+5}
  3180 | D:4      | Noticed Eustachio
  3198 | D:4      | Killed Eustachio
  3199 | D:4      | Reached XP level 6. HP: 13/38 MP: 6/6
  3427 | D:4      | Noticed a necrophage
  3444 | D:4      | Killed a necrophage
  3445 | D:4      | Reached skill level 5 in Shields
  3558 | D:3      | Slain by a lemure

Illustrated notes

Levels and vault maps discovered:
D:1:      onia_arrival_mini_maze, layout_rooms,
          shapermc_ecumenical_altar_mp_vishouse, roderic_st_hans_cross
D:2:      layout_loops_cross, serial_shops, nicolae_shop_waterfront,
          serial_undead, serial_undead_a, serial_undead_a, serial_undead_a,
          serial_undead_c
D:3:      layout_basic, nicolae_dithmenos_the_darkroom
D:4:      layout_gridville, biasface_ghost_orc_armoury,
          minmay_misc_feat_diagonals, uniq_duvessa, uniq_grinder,
          uniq_eustachio, uniq_pikel, uniq_natasha, uniq_crazy_yiuf_cottage

Skill      XL: |  1  2  3  4  5  6 |
---------------+-------------------+-----
Long Blades    | 2 3 |  3.4
Armour         | 4 |  4.9
Shields        | 4 5 |  5.0
Dodging        | 1 |  1.5
Fighting       | 4 |  4.2

Action                   |  1- 3 |  4- 6 || total
-------------------------+-------+-------++-------
Melee: Long sword        |   102 |   185 ||   287
  Use: Scroll            |     2 |     1 ||     3
       Potion            |       |     1 ||     1
Armor: Scale mail        |    47 |    26 ||    73
       Chain mail        |       |   103 ||   103
Dodge: Dodged            |    45 |    71 ||   116
Block: Buckler           |     9 |    18 ||    27
       Kite shield       |       |    82 ||    82

Table legend: (Time is in decaauts)
 A = Elapsed time spent in this place.
 B = Non-inter-level travel time spent in this place.
 C = Inter-level travel time spent in this place.
 D = Time resting spent in this place.
 E = Time spent auto-exploring this place.
 F = Levels seen in this place.
 G = Mean time per level.
                   A        B        C        D        E       F      G
               +--------+--------+--------+--------+--------+-----+--------+
         Total |   3668 |   3545 |    123 |    302 |   2363 |   4 |  917.0 |
       Dungeon |   3668 |   3545 |    123 |    302 |   2363 |   4 |  917.0 |
               +--------+--------+--------+--------+--------+-----+--------+

Top non-repeatable levels by time:
     D:1: 1200 daAuts
     D:2: 1148 daAuts
     D:3: 855 daAuts
     D:4: 464 daAuts
